 Dungeon Crawl Stone Soup version 0.21.1-1-g345015fe64 (webtiles) character file.

5500 NullDivider the Covert (level 10, 0/53 HPs)
             Began as a Spriggan Artificer on June 1, 2018.
             Was an Initiate of Gozag.
             Slain by Grum
             ... wielding a -2 halberd of venom
              (21 damage)
             ... on level 8 of the Dungeon.
             The game lasted 00:58:56 (15080 turns).

NullDivider the Covert (Spriggan Artificer)        Turns: 15080, Time: 00:59:02

Health: 0/53       AC:  3    Str:  8    XL:     10   Next: 42%
Magic:  5/5        EV: 27    Int: 14    God:    Gozag
Gold:   940        SH: 11    Dex: 19    Spells: 9/9 levels left

rFire    . . .     SeeInvis +   K - +3 dagger "Beigoler" {antimagic, rPois rN+} (curse)
rCold    . . .     Gourm    .   N - +0 buckler
rNeg     + . .     Faith    .   b - +1 robe
rPois    +         Spirit   .   (helmet restricted)
rElec    .         Reflect  +   (no cloak)
rCorr    .         Harm     .   (gloves unavailable)
MR       +....                  (boots unavailable)
Stlth    +++++.....             p - +2 amulet of reflection
HPRegen  0.17/turn              J - ring of stealth
MPRegen  0.09/turn              A - +2 ring of evasion

@: studying Shields, very quick
A: very small, unfitting armour, see invisible, herbivore, speed 3, slow
metabolism 2
a: Potion Petition, Call Merchant, Bribe Branch, Renounce Religion


You were on level 8 of the Dungeon.
You worshipped Gozag.
Gozag was pleased with you.
You were hungry.

You visited 2 branches of the dungeon, and saw 9 of its levels.
You also visited: Bailey.

You collected 1058 gold pieces.
You paid 118 gold pieces to Gozag.

Inventory:

Hand Weapons
 m - a +0 hunting sling
 E - a +1 dagger of venom
 K - the cursed +3 dagger "Beigoler" (weapon) {antimagic, rPois rN+}
   (You found it on level 6 of the Dungeon)

   It reduces the magical energy of the wielder, and disrupts the spells and
   magical abilities of those hit.
   Natural abilities and divine invocations are not affected.
   It protects you from poison.
   It protects you from negative energy.
   It has a curse placed upon it.
Missiles
 g - 163 arrows
 j - 197 stones (quivered)
 r - 56 sling bullets
Armour
 b - a +1 robe (worn)
 N - a +0 buckler (worn)
Jewellery
 e - an uncursed amulet of magic regeneration
 h - an uncursed ring of positive energy
 p - a +2 amulet of reflection (around neck)
 A - a +2 ring of evasion (right hand)
 C - an uncursed ring of protection from magic
 D - an uncursed ring of protection from cold
 J - a ring of stealth (left hand)
Wands
 c - a wand of flame (5)
 d - a wand of enslavement (4)
 u - a wand of random effects (8)
 B - a wand of iceblast (10)
 M - a wand of polymorph (4)
Scrolls
 a - 4 scrolls of amnesia {unknown}
 i - 4 scrolls of blinking
 k - 7 scrolls of remove curse
 l - 4 scrolls of teleportation
 q - 3 scrolls of enchant armour
 t - 2 scrolls of immolation {unknown}
 y - 2 scrolls of fear {unknown}
 z - 4 scrolls of enchant weapon {unknown}
 F - 2 scrolls of fog {unknown}
 I - 7 scrolls of identify
Potions
 n - 3 potions of heal wounds {unknown}
 o - 6 potions of might {unknown}
 s - 3 potions of haste {unknown}
 v - a potion of lignification {unknown}
 w - 4 potions of curing {unknown}
 x - a potion of agility {unknown}
 G - 2 potions of brilliance {unknown}
 H - a potion of mutation {unknown}
 L - 2 potions of flight {unknown}
Books
 O - a manual of Shields
Comestibles
 f - 9 rations


   Skills:
 + Level 6.3 Fighting
 + Level 6.9 Short Blades
 - Level 3.0 Slings
 + Level 8.3 Dodging
 + Level 8.5 Stealth
 * Level 8.4 Shields
 - Level 7.1 Evocations


You had 9 spell levels left.
You didn't know any spells.

Dungeon Overview and Level Annotations

Branches:
Dungeon (8/15)             Temple (1/1) D:4            Lair (0/6) D:8

Altars:
Ashenzari
Cheibriados
Elyvilon
Fedhas
Gozag
Kikubaaqudgha
Nemelex Xobeh
Okawaru
Qazlal
Ru
Trog
Uskayaw
Vehumet
Wu Jian
Xom
The Shining One

Annotations:
D:8 Grum


Innate Abilities, Weirdness & Mutations

You are very small and have problems with some larger weapons.
You are too small for most types of armour.
You have supernaturally acute eyesight. (SInv)
You are a herbivore.
You cover ground extremely quickly.
You need consume almost no food.


Message History

Your two-headed ogre hits the wolf with a giant club!!
The wolf dies!
You block the gnoll's attack. What are your orders? t - Shout!
Orders for allies: a - Attack new target. r - Retreat! s - Stop attacking. g - Guard the area. f - Follow me.
Anything else - Cancel.
Gang up on whom?
Press: ? - help, Dir - move target cursor, f - Grum
Aim: Grum, wielding a halberd of venom and wearing an animal skin Attack!
The gnoll barely misses your two-headed ogre.
Your two-headed ogre hits Grum with a giant club!
Your two-headed ogre hits Grum with a giant club!!
Grum glances around and shouts, "Cujo!
Here boy!"
Grum hits you from afar with a halberd of venom!!
You die...
Your body crumbles into a pile of gold.

##....# #...#
#......... #..#
#........._ # #.#
#.......... ## .#
#.......... .##
#.......... ..###
##........#
....## .#
#.......# #....#
... #@Og.##
##...# #..#
##.g..### #..##
#..# ##.....####
#..#
#..#####.........
##.#
#................
#)#
##...............
#.#
#..............#
##)#
####.........###
#..## #.#########


You could see Grum, a gnoll and a friendly two-headed ogre.

Vanquished Creatures
  A two-headed ogre (D:8)
  The ghost of adarith the Quickloader, a novice KoHu of Dithmenos (D:8)
  A manticore (Bailey)
  3 wargs
  Menkaure (D:5)
  A water moccasin (D:8)
  An ice beast (D:4)
  6 orc warriors
  A phantom (D:8)
  An ogre (D:3)
  3 centaurs
  A boggart (Bailey)
  Blork the orc (D:6)
  2 bullfrogs
  3 scorpions
  6 killer bees (D:8)
  2 howler monkeys
  A jelly (D:7)
  An electric eel (D:8)
  3 crimson imps
  A bullfrog zombie (D:5)
  3 hounds
  10 orc wizards
  8 orc priests
  2 bullfrog skeletons
  A gnoll shaman (D:7)
  3 iguanas
  8 worker ants
  A hound skeleton (D:5)
  A worker ant zombie (D:5)
  14 gnolls
  6 adders
  2 shadow imps
  An ooze (D:1)
  4 worms (D:2)
  An adder skeleton (D:5)
  2 leopard geckos
  34 orcs
  2 ball pythons (D:4)
  4 giant cockroaches
  9 goblins
  4 hobgoblins
  3 jackals (D:5)
  2 quokkas
  12 bats
  3 frilled lizards
  7 kobolds
  11 rats
199 creatures vanquished.

Vanquished Creatures (collateral kills)
  2 wolves (D:8)
  An orc priest (D:4)
  An orc wizard (D:8)
  A bullfrog skeleton (D:8)
  6 orcs
11 creatures vanquished.

Vanquished Creatures (others)
  4 orc warriors (Bailey)
  An orc (Bailey)
  A leopard gecko (D:3)
  A hobgoblin (D:3)
  A frilled lizard (D:3)
  A plant (D:1)
9 creatures vanquished.

Grand Total: 219 creatures vanquished

Notes
Turn   | Place    | Note
-------+----------+-------------------------------------------
     0 | D:1      | NullDivider the Spriggan Artificer began the quest for the Orb.
     0 | D:1      | Reached XP level 1. HP: 9/9 MP: 4/4
    66 | D:1      | Reached skill level 1 in Fighting
   325 | D:1      | Reached XP level 2. HP: 11/14 MP: 6/6
   773 | D:1      | Reached XP level 3. HP: 18/18 MP: 7/7
  1601 | D:2      | Reached XP level 4. HP: 23/23 MP: 8/8
  2952 | D:3      | Noticed an ogre
  2954 | D:3      | Found a radiant altar of Vehumet.
  2968 | D:3      | Killed an ogre
  2968 | D:3      | Reached XP level 5. HP: 27/27 MP: 9/9
  3587 | D:3      | Reached skill level 5 in Evocations
  4077 | D:4      | Reached XP level 6. HP: 28/32 MP: 10/10
  4127 | D:4      | Noticed a dagger
  4128 | D:4      | Noticed a hand axe
  4128 | D:4      | Found a hide-covered altar of Uskayaw.
  4591 | D:4      | Found a staircase to the Ecumenical Temple.
  4847 | D:4      | Noticed an ice beast
  5053 | D:4      | Killed an ice beast
  5053 | D:4      | Reached skill level 5 in Dodging
  5053 | D:4      | Reached XP level 7. HP: 26/36 MP: 12/12
  5543 | D:5      | Entered Level 5 of the Dungeon
  5746 | D:5      | Found an ancient bone altar of Kikubaaqudgha.
  5768 | D:5      | Reached skill level 5 in Stealth
  6216 | D:5      | Noticed Menkaure
  6222 | D:5      | Killed Menkaure
  6222 | D:5      | Reached skill level 5 in Short Blades
  6345 | D:5      | Reached XP level 8. HP: 39/42 MP: 13/13
  6374 | D:5      | Found a sacrificial altar of Ru.
  7763 | D:6      | Noticed Blork the orc
  7765 | D:6      | Killed Blork the orc
  8534 | D:6      | Got a shimmering dagger
  8709 | D:6      | Identified the cursed +3 dagger "Beigoler" {antimagic, rPois rN+} (You found it on level 6 of the Dungeon)
  8837 | Temple   | Entered the Ecumenical Temple
  8845 | Temple   | Became a worshipper of Gozag Ym Sagoz the Greedy
  9051 | D:7      | Reached skill level 5 in Fighting
 10017 | D:8      | Found a glowing golden altar of the Shining One.
 10019 | D:8      | Found a shattered altar of Ashenzari.
 10021 | D:8      | Found a stormy altar of Qazlal.
 10084 | D:8      | Reached skill level 1 in Slings
 10084 | D:8      | Reached XP level 9. HP: 31/47 MP: 5/15
 10229 | D:8      | Found a flagged portal.
 10268 | Bailey   | Entered a bailey
 11635 | Bailey   | Noticed an orc knight
 11658 | Bailey   | Noticed a manticore
 11658 | Bailey   | an orc knight changed into a manticore
 11709 | Bailey   | Killed a manticore
 12509 | D:7      | Reached skill level 1 in Shields
 13717 | D:8      | Reached skill level 5 in Shields
 13795 | D:8      | Noticed adarith's ghost (novice KoHu)
 13902 | D:8      | Killed adarith's ghost
 13902 | D:8      | Reached XP level 10. HP: 42/53 MP: 5/16
 13981 | D:8      | Found a staircase to the Lair.
 14023 | D:8      | Found a sparkling altar of Nemelex Xobeh.
 14048 | D:8      | Noticed a two-headed ogre
 14389 | D:8      | Killed a two-headed ogre
 15061 | D:8      | Noticed a two-headed ogre
 15063 | D:8      | Noticed Grum
 15064 | D:8      | Found a bloodstained altar of Trog.
 15080 | D:8      | Slain by Grum

Skill      XL: |  1  2  3  4  5  6  7  8  9 10 |
---------------+-------------------------------+-----
Fighting       | 1 2 3 4 5 6 |  6.3
Stealth        | 2 3 4 5 7 8 |  8.5
Short Blades   | 2 3 4 5 6 |  6.9
Dodging        | 4 5 7 8 |  8.3
Evocations     | 5 6 7 |  7.1
Slings         | 1 3 |  3.0
Shields        | 6 8 |  8.4

Action                   |  1- 3 |  4- 6 |  7- 9 | 10-12 || total
-------------------------+-------+-------+-------+-------++-------
Melee: Short sword       |   101 |   273 |       |       ||   374
       Dagger            |       |    21 |   890 |   198 ||  1109
Throw: Stone             |     4 |     3 |     4 |       ||    11
Evoke: Wand              |     7 |     9 |    42 |     6 ||    64
  Use: Scroll            |       |     7 |     2 |       ||     9
 Stab: Sleeping          |     4 |    13 |    16 |     1 ||    34
       Paralysed         |     2 |       |     2 |       ||     4
       Confused          |       |     1 |       |     2 ||     3
       Distracted        |       |     1 |     1 |     3 ||     5
  Eat: Ration            |       |     1 |     5 |     1 ||     7
Armor: Robe              |    11 |    17 |    33 |     3 ||    64
Dodge: Dodged            |   115 |   207 |   551 |    99 ||   972
Block: Other             |       |     9 |    36 |       ||    45
       Buckler           |       |       |    95 |    76 ||   171
       Reflection        |       |       |     2 |       ||     2
